 Dungeon Crawl Stone Soup version 0.30-a0-475-g03497ec522 (webtiles) character file.

Game seed: 11391026642163568486

2861 bmack86 the Cleaver (level 9, -2/79 HPs)
             Began as a Minotaur Fighter on Dec 21, 2022.
             Was an Initiate of Gozag.
             Slain by a wolf (7 damage)
             ... led by Grum
             ... on level 8 of the Dungeon.
             The game lasted 00:20:22 (6238 turns).

bmack86 the Cleaver (Minotaur Fighter)              Turns: 6238, Time: 00:20:25

Health: -2/79      AC: 18    Str: 24    XL:     9   Next: 47%
Magic:  8/8        EV:  9    Int: 11    God:    Gozag
Gold:   982        SH:  7    Dex: 17    Spells: 8/8 levels left

rFire   . . .      SeeInvis .    a - +1 war axe (flame)
rCold   . . .      Faith    .    c - +1 buckler
rNeg    . . .      Spirit   .    u - +2 chain mail
rPois   .          Reflect  .    (helmet restricted)
rElec   .          Harm     .    q - +0 cloak
rCorr   .          Rampage  .    v - +0 pair of gloves
Will    .....                    t - +2 pair of boots
Stlth   ..........               E - amulet of the acrobat
HPRegen 0.33/turn                g - +6 ring of intelligence
MPRegen 0.11/turn                d - +6 ring of dexterity

@: gold aura
A: horns 2, retaliatory headbutt
a: Renounce Religion, Potion Petition, Call Merchant, Bribe Branch


You were on level 8 of the Dungeon.
You worshipped Gozag.
Gozag was pleased with you.
You visited 2 branches of the dungeon, and saw 9 of its levels.

You collected 1039 gold pieces.
You paid 57 gold pieces to Gozag.

Inventory:

Hand Weapons
 a - a +1 war axe of flaming (weapon)
Armour
 b - a +0 scale mail
 c - a +1 buckler (worn)
 q - a +0 cloak (worn)
 t - a +2 pair of boots (worn)
 u - a +2 chain mail (worn)
 v - a +0 pair of gloves (worn)
Jewellery
 d - a +6 ring of dexterity (right hand)
 g - a +6 ring of intelligence (left hand)
 y - a ring of ice
 E - an amulet of the acrobat (around neck)
 H - a ring of resist corrosion
Wands
 G - a wand of roots (8)
 J - a wand of polymorph (14)
Scrolls
 e - 5 scrolls of teleportation
 h - 2 scrolls of amnesia
 k - a scroll of fog
 s - 2 scrolls of magic mapping
 x - a scroll of silence
 A - 2 scrolls of fear
 F - a scroll of poison
Potions
 f - a potion of berserk rage
 i - 5 potions of heal wounds
 j - a potion of magic
 l - a potion of ambrosia
 m - 4 potions of attraction {unknown}
 n - 2 potions of invisibility {unknown}
 o - 4 potions of flight {unknown}
 p - 6 potions of curing
 r - 2 potions of lignification {unknown}
 w - 4 potions of haste {unknown}
 z - a potion of resistance {unknown}
 B - 3 potions of might
 C - a potion of brilliance {unknown}
 D - a potion of mutation {unknown}


   Skills:
 + Level 7.3 Fighting
 + Level 10.9 Axes
 + Level 7.4 Armour
 + Level 2.2 Dodging
 + Level 1.4 Stealth
 + Level 7.1 Shields


You had 8 spell levels left.
You didn't know any spells.
Your spell library contained the following spells:

 Spells                   Type           Power      Damage    Failure   Level
 Foxfire                  Conj/Fire      0%         2x1d4     95%         1
 Shock                    Conj/Air       0%         1d3       95%         1
 Static Discharge         Conj/Air       0%         2-2/arc   99%         2
 Kindle Blastsparks       Fire/Tloc/Air  0%         2d10      100%        3
 Portal Projectile        Hex/Tloc       0%         N/A       100%        3
 Swiftness                Air            0%         N/A       100%        3
 Tukima's Dance           Hex            0%         N/A       100%        3
 Fulminant Prism          Conj/Hex       0%         3d5       100%        4
 Iskenderun's Mystic Bla  Conj/Tloc      0%         2d3       100%        4
 Leda's Liquefaction      Hex/Erth       0%         N/A       100%        4
 Blade Hands              Tmut           0%         N/A       100%        5
 Fireball                 Conj/Fire      0%         3d3       100%        5
 Lee's Rapid Deconstruct  Erth           0%         3d4*      100%        5
 Conjure Ball Lightning   Conj/Air       0%         3x3d7     100%        6
 Starburst                Conj/Fire      0%         6d3       100%        6
 Statue Form              Tmut/Erth      0%         N/A       100%        6
 Storm Form               Tmut/Air       0%         N/A       100%        7


Dungeon Overview and Level Annotations

Branches:
Dungeon (8/15)             Temple (1/1) D:4
   Lair: D:8-11

Altars:
Ashenzari
Elyvilon
Gozag
Ru
Xom
Zin


Innate Abilities, Weirdness & Mutations

You have a pair of horns on your head.
You reflexively headbutt those who attack you in melee.


Message History

The orc warrior completely misses you.
The wolf howls! x2
You slash the orc warrior! You burn the orc warrior.
The orc warrior is severely wounded.
The wolf is no longer distracted by gold.
The orc is no longer distracted by gold.
The orc warrior hits you with a +0 scimitar!
* * * LOW HITPOINT WARNING * * *
You closely miss the orc warrior. You headbutt the orc warrior!
The orc warrior is almost dead.
The wolf is no longer distracted by gold.
The orc warrior hits you but does no damage.
The wolf barely misses you.
You barely miss the orc warrior. Your headbutt misses the orc warrior.
The orc warrior is almost dead.
You barely miss the wolf. The wolf bites you but does no damage.
The orc warrior hits you with a +0 scimitar.
* * * LOW HITPOINT WARNING * * *
You hit the orc warrior but do no damage.
Your headbutt misses the orc warrior.
The orc warrior is almost dead.
You miss the wolf. The wolf bites you.
* * * LOW HITPOINT WARNING * * *
The wolf bites you but does no damage. The orc warrior completely misses you.
You closely miss the wolf. You headbutt the wolf.
The wolf is lightly wounded.
You barely miss the orc warrior. The wolf bites you.
* * * LOW HITPOINT WARNING * * *
The wolf bites you.
* * * LOW HITPOINT WARNING * * *
The orc warrior hits you with a +0 scimitar.
* * * LOW HITPOINT WARNING * * *
Unknown command.
You barely miss the wolf.
The wolf is lightly wounded.
You hit the orc warrior. You burn the orc warrior.
You kill the orc warrior!
The wolf bites you!
You die...
Your body crumbles into a pile of gold.

.#.#.#.# .# .#.#.#.#.#
#.# .#.#.#.#.#.# #.#
.#.#.#.#.#.#.#
#{#.#.#.#.#.#.#.#.#.#.
#h#.#.#.#.#.#.#.#.#.#
#o#.#.#.#.#.#.#.#.#.
#$#.#.#.#.#.#.#.#.#
#@#.#.#.#.#.#)#.#.
#.#h#.#.#.#.#.#.#.#
#.#.#.#.#.#.#.#.#.#.
#.#.#$#.#.#.#.#.#.#.#
#.#.#h#.#.#.#.#.#.#.#.
######################


You could see 2 wolves and an orc.

Vanquished Creatures
  A wyvern (D:7)
  Grum (D:8)
  A water moccasin (D:7)
  Duvessa (D:4)
  4 ice beasts
  4 black bears
  An orc warrior (D:8)
  A sky beast (D:5)
  The ghost of sirJeffrey23 the Trooper, an amateur DsFi (D:3)
  2 wolves (D:8)
  An ogre (D:6)
  2 centaurs
  A kobold brigand (D:6)
  2 bullfrogs (D:7)
  A necrophage (D:7)
  2 scorpions
  Dowan (D:4)
  A howler monkey (D:6)
  2 quasits (D:3)
  2 hounds
  A gnoll bouda (D:7)
  2 orc priests
  2 orc wizards
  Natasha (D:4)
  2 iguanas
  7 gnolls
  6 adders
  A shadow imp (D:4)
  3 white imps
  6 worms
  3 dart slugs
  28 orcs
  4 bats (D:2)
  5 endoplasms
  2 giant cockroaches
  12 goblins
  5 hobgoblins
  6 jackals
  6 kobolds
  2 quokkas
  8 ball pythons
  4 frilled lizards
  11 rats
159 creatures vanquished.

Notes
Turn   | Place    | Note
-------+----------+-------------------------------------------
     0 | D:1      | bmack86 the Minotaur Fighter began the quest for the Orb.
     0 | D:1      | Reached XP level 1. HP: 19/19 MP: 0/0
   322 | D:1      | Reached XP level 2. HP: 27/27 MP: 1/1
   884 | D:2      | Reached skill level 3 in Axes
   906 | D:2      | Reached XP level 3. HP: 30/33 MP: 2/2
   976 | D:2      | Found a broken altar of Ashenzari.
  1694 | D:3      | Found a transporter.
  1703 | D:3      | Noticed sirJeffrey23's ghost (amateur DsFi)
  1845 | D:3      | Found a transporter.
  2029 | D:3      | Reached XP level 4. HP: 25/40 MP: 3/3
  2033 | D:3      | Reached skill level 4 in Axes
  2195 | D:3      | You fall into a shaft and drop 1 floor!
  2227 | D:4      | Found a staircase to the Ecumenical Temple.
  2243 | Temple   | Entered the Ecumenical Temple
  2288 | Temple   | Became a worshipper of Gozag Ym Sagoz the Greedy
  2370 | D:4      | Noticed a black bear
  2382 | D:4      | HP: 1/41 [black bear (3)]
  2383 | D:4      | Killed a black bear
  2384 | D:4      | Reached skill level 5 in Axes
  2384 | D:4      | Reached XP level 5. HP: 1/47 MP: 4/4
  2555 | D:4      | Noticed Duvessa
  2590 | D:4      | Killed Duvessa
  2591 | D:4      | Reached XP level 6. HP: 45/55 MP: 5/5
  2591 | D:4      | Noticed Dowan
  2599 | D:4      | Killed Dowan
  2600 | D:4      | Reached skill level 5 in Armour
  2699 | D:4      | Reached skill level 6 in Axes
  2865 | D:3      | Reached skill level 5 in Fighting
  3125 | D:3      | Killed sirJeffrey23's ghost
  3126 | D:3      | Reached skill level 1 in Dodging
  3126 | D:3      | Reached XP level 7. HP: 54/61 MP: 6/6
  3446 | D:4      | Reached skill level 1 in Stealth
  3783 | D:4      | Noticed Natasha
  3791 | D:4      | Killed Natasha
  3796 | D:4      | Reached skill level 7 in Axes
  4012 | D:5      | Entered Level 5 of the Dungeon
  4063 | D:5      | Found a glowing silver altar of Zin.
  4168 | D:5      | Reached skill level 5 in Shields
  4274 | D:5      | Reached XP level 8. HP: 49/70 MP: 7/7
  4279 | D:5      | Reached skill level 8 in Axes
  4828 | D:6      | Reached skill level 9 in Axes
  5334 | D:6      | Got the Compilation of the Birds
  5705 | D:7      | Reached XP level 9. HP: 78/78 MP: 8/8
  5706 | D:7      | Reached skill level 10 in Axes
  6212 | D:8      | Noticed Grum
  6230 | D:8      | Killed Grum
  6238 | D:8      | Slain by a wolf

Illustrated notes

Levels and vault maps discovered:
D:1:      roderic_crossed_star, layout_basic
D:2:      layout_loops_ring, basic_altar, minmay_vboxes
D:3:      layout_loops_ring, gammafunk_ghost_stat_death
D:4:      layout_cave_pods, minmay_temple_entry_antechambers,
          minmay_misc_feat_iff, solitary_fountain, chequers_avenue,
          chequers_arboretum, nrook_mini_backslash, grunt_decor_arrowhead,
          st_stairs_14, uniq_natasha, uniq_duvessa
D:5:      layout_cave_pools, zin_treasury
D:6:      layout_basic
D:7:      layout_rooms
D:8:      layout_basic, nzn_makhleb_speed_demon, serial_shops, shop,
          nicolae_elevator_lobby_asterisk, uniq_grum
Temple:   oiseaux_autumnal_temple

Skill      XL: |  1  2  3  4  5  6  7  8  9 |
---------------+----------------------------+-----
Armour         | 4 5 6 7 |  7.4
Axes           | 3 5 6 7 9 10 | 10.9
Fighting       | 4 5 6 7 |  7.3
Shields        | 4 5 6 7 |  7.1
Dodging        | 1 2 |  2.2
Stealth        | 1 |  1.4

Action                   |  1- 3 |  4- 6 |  7- 9 || total
-------------------------+-------+-------+-------++-------
Melee: War axe           |   104 |    86 |   179 ||   369
       Headbutt          |    13 |     8 |    41 ||    62
  Use: Scroll            |     9 |     5 |     8 ||    22
       Potion            |       |     1 |       ||     1
 Stab: Distracted        |       |       |     1 ||     1
Armor: Scale mail        |    35 |       |       ||    35
       Chain mail        |     9 |    70 |   126 ||   205
Dodge: Dodged            |    44 |    33 |   100 ||   177
Block: Buckler           |    26 |    32 |    76 ||   134

Table legend: (Time is in decaauts)
 A = Elapsed time spent in this place.
 B = Non-inter-level travel time spent in this place.
 C = Inter-level travel time spent in this place.
 D = Time resting spent in this place.
 E = Time spent auto-exploring this place.
 F = Levels seen in this place.
 G = Mean time per level.
                   A        B        C        D        E       F      G
               +--------+--------+--------+--------+--------+-----+--------+
         Total |   6336 |   6116 |    220 |    262 |   3902 |   9 |  704.0 |
       Dungeon |   6262 |   6069 |    193 |    262 |   3871 |   8 |  782.8 |
        Temple |     73 |     46 |     27 |      0 |     31 |   1 |   73.0 |
               +--------+--------+--------+--------+--------+-----+--------+

Top non-repeatable levels by time:
     D:4: 1346 daAuts
     D:3: 977 daAuts
     D:6: 872 daAuts
     D:2: 864 daAuts
     D:1: 838 daAuts
     D:5: 651 daAuts
     D:7: 614 daAuts
     D:8: 97 daAuts
  Temple: 73 daAuts
